 Dungeon Crawl Stone Soup version 0.19-a0-1071-g4ed3155 (webtiles) character file.

604 Gagarin the Chucker (level 7, 0/100 HPs)
             Began as a Troll Hunter on Aug 5, 2016.
             Slain by a gnoll sergeant
             ... wielding a +1 trident of flaming
              (6 damage)
             ... on level 5 of the Dungeon.
             The game lasted 00:08:29 (3355 turns).

Gagarin the Chucker (Troll Hunter)                  Turns: 3355, Time: 00:08:29

Health: 0/100      AC: 23    Str: 22    XL:     7   Next: 18%
Magic:  6/6        EV:  1    Int:  7    God:
Gold:   174        SH:  0    Dex: 11    Spells: 0 memorised, 6 levels left

rFire  . . .     SeeInvis .       - Unarmed
rCold  . . .     Gourm    +     (armour currently unavailable)
rNeg   + + +     Faith    .     (no shield)
rPois  +         Spirit   .     (helmet currently unavailable)
rElec  .         Dismiss  .     (cloak currently unavailable)
rCorr  .         Reflect  .     (gloves unavailable)
SustAt .         Harm     .     (boots unavailable)
MR     .....     NoTele   +     (no amulet)
Stlth  ++........               (no ring)
                                (no ring)

@: tree-form
A: unfitting armour, (claws 0), fast metabolism 3, gourmand, regeneration 2,
(shaggy fur 0), (tough skin 0)
a: no special abilities


You were on level 5 of the Dungeon.
You were very full.
You were a tree.
You visited 1 branch of the dungeon, and saw 5 of its levels.

You collected 174 gold pieces.

Inventory:

Hand Weapons
 a - a +0 short sword
Missiles
 c - a large rock (quivered)
 d - 2 throwing nets
Armour
 b - a +0 robe (melded)
 p - a +0 cloak (melded)
Jewellery
 j - an uncursed ring of fire {unknown}
 l - a cursed ring of teleportation {unknown}
 u - a cursed ring of loudness {unknown}
 x - an uncursed ring of protection from cold {unknown}
Wands
 w - a wand of disintegration (14/24)
Scrolls
 e - 6 scrolls of identify {unknown}
 g - a scroll of random uselessness {unknown}
 k - 3 scrolls of teleportation {unknown}
 r - 3 scrolls of fear {unknown}
 v - a scroll of fog {unknown}
Potions
 h - a potion of curing {unknown}
 i - 2 potions of heal wounds {unknown}
 m - a potion of haste {unknown}
 n - 2 potions of flight
 o - a potion of might {unknown}
 q - a potion of lignification
 s - a potion of magic {unknown}
 z - a potion of degeneration {unknown}
Books
 t - a book of Changes

   Spells                             Type                      Level
   a - Beastly Appendage              Transmutation                1
   b - Sticks to Snakes               Transmutation                2
   c - Spider Form                    Transmutation/Poison         3
   d - Ice Form                       Ice/Transmutation            4
   e - Blade Hands                    Transmutation                5
Comestibles
 f - 5 bread rations


   Skills:
 + Level 3.0 Fighting
 + Level 4.6 Throwing
 + Level 4.0 Dodging
 + Level 1.7 Stealth
 + Level 3.1 Unarmed Combat


You had 6 spell levels left.
You didn't know any spells.

Dungeon Overview and Level Annotations

Branches:
Dungeon (5/15)
 Temple: D:4-7

Altars:
Ashenzari


Innate Abilities, Weirdness & Mutations

You are too large for most types of armour.
((You have claws for hands.))
Your metabolism is lightning-fast.
You like to eat raw meat.
You heal very quickly.
((You are covered in fur. (AC +1)))
((You have very tough skin. (AC +2)))


Message History

Things that are here:
a dagger; a robe; an orc corpse A gnoll comes into view.
It is wielding a flail.
The gnoll shouts!
The gnoll moves out of view.
It was a potion of flight.
You feel very buoyant.
You fly up into the air.
The gnoll shouts!
It was a potion of lignification.
You turn into a tree.
Your +0 cloak melds into your body.
Your +0 robe melds into your body.
Your roots penetrate the ground.
The gnoll sergeant hits you but does no damage.
The gnoll hits you but does no damage.
You hit the gnoll sergeant but do no damage.
The gnoll sergeant hits you but does no damage.
The gnoll hits you but does no damage. x2
The gnoll sergeant blocks your attack.
The gnoll sergeant hits you with a trident of flaming.
You die...

#...........#
#.....
#...........#####
#.####
#...........'...#
#.#
#...........###.#
#.# '.(.........#
#.# #.#
#....g.(....# #.#
#.# #...gg.######
#.###.#
#.####.###
#.....# .> #.♣.#
####### . ###g#
#)(g#
#######g#######
#......g).....#
+.....oo......#
#......)g.....#
#%............#
#.....g.......#


You could see a gnoll sergeant and 4 gnolls.

Vanquished Creatures
  Sigmund (D:3)
  A scorpion (D:5)
  A howler monkey (D:5)
  The ghost of crawlian the Firebug, a weakling DEFE (D:4)
  Crazy Yiuf (D:2)
  An orc priest (D:5)
  An orc wizard (D:5)
  A worker ant (D:4)
  A worker ant zombie (D:4)
  A gnoll (D:4)
  3 adders
  A shadow imp (D:5)
  An ooze (D:1)
  An adder skeleton (D:5)
  4 worms
  3 dart slugs (D:1)
  3 giant geckos
  12 orcs
  A ball python (D:3)
  7 bats
  3 giant cockroaches
  20 goblins
  16 hobgoblins
  11 jackals
  9 kobolds
  2 quokkas
  A giant gecko skeleton (D:4)
  4 giant newts
  8 rats
120 creatures vanquished.

Notes
Turn   | Place    | Note
-------+----------+-------------------------------------------
     0 | D:1      | Gagarin the Troll Hunter began the quest for the Orb.
     0 | D:1      | Reached XP level 1. HP: 19/19 MP: 0/0
   122 | D:1      | Reached XP level 2. HP: 27/27 MP: 1/1
   387 | D:1      | Reached XP level 3. HP: 35/35 MP: 2/2
   702 | D:2      | Found a shattered altar of Ashenzari.
  1023 | D:2      | Found a runed door.
  1027 | D:2      | Noticed Crazy Yiuf
  1032 | D:2      | Killed Crazy Yiuf
  1032 | D:2      | Reached skill level 1 in Unarmed Combat
  1032 | D:2      | Reached XP level 4. HP: 42/42 MP: 3/3
  1682 | D:3      | Reached skill level 1 in Stealth
  1743 | D:3      | Reached XP level 5. HP: 40/49 MP: 4/4
  1945 | D:3      | Noticed Sigmund
  1951 | D:3      | Killed Sigmund
  1951 | D:3      | Reached XP level 6. HP: 55/59 MP: 5/5
  2670 | D:4      | Noticed crawlian's ghost (weakling DEFE)
  2673 | D:4      | Killed crawlian's ghost
  3183 | D:5      | Entered Level 5 of the Dungeon
  3311 | D:5      | Reached XP level 7. HP: 66/66 MP: 6/6
  3349 | D:5      | HP: 1/67 [orc priest/divine providence (11)]
  3355 | D:5      | Slain by a gnoll sergeant

Vault maps used:
D:1:      dpeg_arrival_stonehenge_12_columns
D:2:      overflow_temple_1_default, serial_forest, infiniplex_forest_clump_C,
          infiniplex_forest_zigzag_1, infiniplex_forest_clump_tiny,
          infiniplex_forest_end_2, infiniplex_forest_fountain,
          infiniplex_forest_split, infiniplex_forest_straight_4,
          infiniplex_forest_clump_diagonal, infiniplex_forest_clump_small,
          uniq_crazy_yiuf_cottage
D:3:      kennysheep_the_goblin_king, uniq_sigmund
D:4:      corexii_shack_village
D:5:      first_bread

Skill      XL: |  1  2  3  4  5  6  7 |
---------------+----------------------+-----
Throwing       | 4 |  4.6
Dodging        | 2 3 4 |  4.0
Unarmed Combat | 1 2 3 |  3.1
Stealth        | 1 |  1.7
Fighting       | 2 3 |  3.0

Action                   |  1- 3 |  4- 6 |  7- 9 || total
-------------------------+-------+-------+-------++-------
Melee: Unarmed           |   117 |   188 |    24 ||   329
       Punch             |     1 |     1 |       ||     2
Throw: Large rock        |    16 |     5 |     4 ||    25
       Throwing net      |       |     2 |       ||     2
  Use: Potion            |       |       |     2 ||     2
 Stab: Sleeping          |     1 |     5 |       ||     6
  Eat: Chunk             |    15 |    21 |       ||    36
Armor: Robe              |    48 |    46 |     7 ||   101
       Skin              |       |       |     5 ||     5
Dodge: Dodged            |    92 |    85 |    13 ||   190
